 Dungeon Crawl Stone Soup version 0.22.0-75-g3901e79 (webtiles) character file.

2858 robertstho the Cleaver (level 9, -1/100 HPs)
             Began as a Hill Orc Fighter on Sept 14, 2018.
             Was an Initiate of Hepliaklqana.
             Slain by a hornet (2 damage)
             ... on level 7 of the Dungeon.
             The game lasted 00:14:07 (7186 turns).

robertstho the Cleaver (Hill Orc Fighter)           Turns: 7186, Time: 00:14:07

Health: -1/100     AC: 24    Str: 26    XL:     9   Next: 75%
Magic:  9/9        EV:  2    Int:  8    God:    Hepliaklqana [......]
Gold:   410        SH: 11    Dex: 11    Spells: 8/8 levels left

rFire    + . .     SeeInvis .   a - +0 war axe
rCold    + . .     Gourm    .   c - +0 shield
rNeg     + + +     Faith    .   (armour currently unavailable)
rPois    +         Spirit   .   (helmet currently unavailable)
rElec    +         Reflect  .   (cloak currently unavailable)
rCorr    +         Harm     .   (gloves currently unavailable)
MR       .....     NoTele   +   (boots currently unavailable)
Stlth    +.........             (no amulet)
HPRegen  0.26/turn              F - ring of poison resistance
MPRegen  0.11/turn              t - +5 ring of strength

@: tree-form, resistant, hasted, very quick
A: reduced essence
a: Recall Ancestor, Ancestor Identity, Renounce Religion


You were on level 7 of the Dungeon.
You worshipped Hepliaklqana.
Hepliaklqana was noncommittal.
You were not hungry.
You were a tree.
You visited 2 branches of the dungeon, and saw 9 of its levels.
You also visited: Sewer.

You collected 410 gold pieces.

Inventory:

Hand Weapons
 a - a +0 war axe (weapon)
 j - a +0 flail
Armour
 c - a +0 shield (worn)
 h - a +0 chain mail (melded)
 y - a +0 helmet (melded)
Jewellery
 b - a +4 ring of dexterity {unknown}
 l - a cursed -2 ring of dexterity {unknown}
 p - a +3 ring of evasion
 s - an uncursed amulet of magic regeneration
 t - a +5 ring of strength (right branch)
 E - an uncursed ring of fire
 F - a ring of poison resistance (left branch)
Wands
 d - a wand of polymorph (14)
 n - a wand of paralysis (13)
 z - a wand of iceblast (14)
 B - a wand of flame (65)
Scrolls
 e - a scroll of identify
 g - 3 scrolls of remove curse
 i - 6 scrolls of teleportation {unknown}
 m - a scroll of blinking {unknown}
 o - a scroll of magic mapping {unknown}
 r - a scroll of random uselessness {unknown}
 u - a scroll of immolation {unknown}
 C - a scroll of fear {unknown}
Potions
 A - a potion of brilliance
Comestibles
 f - 9 rations
 w - 11 chunks of flesh


   Skills:
 + Level 5.7 Fighting
 * Level 12.0 Axes
 * Level 7.8 Armour
 + Level 1.6 Dodging
 + Level 0.1 Stealth
 + Level 6.2 Shields
 + Level 1.1 Unarmed Combat


You had 8 spell levels left.
You didn't know any spells.
Your spell library contained the following spells:

 Spells                   Type           Power        Failure   Level  Hunger
 Magic Dart               Conj           #...         80%         1    ##.....
 Searing Ray              Conj           #.....       90%         2    ###....
 Dazzling Spray           Conj/Hex       #.....       99%         3    ####...
 Force Lance              Conj/Tloc      #.......     100%        4    #####..
 Fulminant Prism          Conj/Hex       #.........   100%        4    #####..
 Iskenderun's Mystic Bla  Conj           #.......     100%        4    #####..


Dungeon Overview and Level Annotations

Branches:
Dungeon (8/15)             Temple (1/1) D:5
   Lair: D:8-11

Altars:
Ashenzari
Cheibriados
Dithmenos
Elyvilon
Fedhas
Gozag
Hepliaklqana
Kikubaaqudgha
Makhleb
Nemelex Xobeh
Okawaru
Qazlal
Ru
Sif Muna
Trog
Uskayaw
Vehumet
Xom
Yredelemnul
Zin
The Shining One

Shops:
D:5 :

Annotations:
D:8 Prince Ribbit


Message History

Marzena closely misses the hornet.
Marzena misses the hornet.
There is a stone staircase leading up here.
You block the hornet's attack.
You climb upwards.
There is a stone staircase leading down here.
You feel protected. The hornet stings you!
* * * LOW HITPOINT WARNING * * *
You turn into a tree.
Your +0 helmet melds into your body.
Your +0 chain mail melds into your body.
Your roots penetrate the ground.
The hornet stings you but does no damage.
You closely miss the hornet.
The hornet is lightly wounded.
The hornet stings you but does no damage.
You closely miss the hornet.
The hornet is lightly wounded.
The hornet stings you.
You die...

...###..##...###.#
###.#.#.##.....#.#
###.##.###..#.#.#
##...........#.#.# ########
...###.##.#......### #......#
####.#.##.##.......# #.####.#
##.#..##......###.# #.####.####
##.###.#####..####.####.#........
.....#..####..##♣y....#.#.##.###.
##.#.#........##.#.##.....##.# #.
##...#######......####......# #.
#...# #.........######### #.
#...# #.###.###<# #. #...# #.#
#.# #.# #. #...# #.###.#
#.####### #. ###...######.#...#
#.#.....###### .............#.###
#.#...........


You could see a hornet.

Vanquished Creatures
  Joseph (D:7)
  Grinder (D:3)
  A hippogriff (D:5)
  Duvessa (D:7)
  Purgy (Sewer)
  An orc warrior (D:7)
  The ghost of shmeve the Skirmisher, an amateur DrBe of Trog (D:3)
  A necrophage (D:6)
  4 ogres
  A centaur (D:6)
  3 bullfrogs
  Dowan (D:7)
  A scorpion (D:8)
  3 killer bees (D:7)
  A howler monkey (D:4)
  2 crimson imps
  A centaur zombie (D:8)
  A hound (D:6)
  2 orc priests
  A centaur skeleton (D:7)
  2 orc wizards
  4 iguanas
  5 worker ants
  A hound zombie (D:7)
  4 gnolls (D:6)
  12 adders
  2 shadow imps
  An adder skeleton (D:6)
  2 adder zombies
  3 worms
  9 leopard geckos
  13 orcs
  9 giant cockroaches
  7 goblins
  2 hobgoblins
  13 jackals
  2 quokkas
  6 bats
  6 frilled lizards
  A jackal zombie (D:8)
  12 kobolds
  A quokka zombie (D:5)
  10 rats
  3 toadstools (D:1)
159 creatures vanquished.

Vanquished Creatures (others)
  A toadstool (D:1)
1 creature vanquished.

Grand Total: 160 creatures vanquished

Notes
Turn   | Place    | Note
-------+----------+-------------------------------------------
     0 | D:1      | robertstho the Hill Orc Fighter began the quest for the
                  | Orb.
     0 | D:1      | Reached XP level 1. HP: 19/19 MP: 1/1
   208 | D:1      | Reached XP level 2. HP: 27/27 MP: 2/2
   310 | D:1      | Reached skill level 3 in Axes
   973 | D:2      | Reached XP level 3. HP: 17/33 MP: 3/3
  1123 | D:2      | Reached XP level 4. HP: 34/40 MP: 4/4
  1254 | D:2      | Reached skill level 4 in Axes
  1847 | D:2      | Reached XP level 5. HP: 19/46 MP: 5/5
  2165 | D:3      | Noticed Grinder
  2187 | D:3      | Killed Grinder
  2187 | D:3      | Reached skill level 6 in Axes
  2187 | D:3      | Reached XP level 6. HP: 48/52 MP: 6/6
  2271 | D:3      | Found a runed door.
  2272 | D:3      | Noticed shmeve's ghost (amateur DrBe)
  2293 | D:3      | Found a snail-covered altar of Cheibriados.
  2315 | D:3      | Killed shmeve's ghost
  2315 | D:3      | Reached skill level 5 in Armour
  2315 | D:3      | Reached XP level 7. HP: 40/59 MP: 7/7
  2472 | D:3      | Found a white marble altar of Elyvilon.
  2750 | D:4      | Reached skill level 1 in Unarmed Combat
  2901 | D:4      | Reached skill level 7 in Axes
  3587 | D:5      | Entered Level 5 of the Dungeon
  3587 | D:5      | Found Jabbo's Book Shoppe.
  3617 | D:5      | Noticed a hippogriff
  3621 | D:5      | Killed a hippogriff
  3621 | D:5      | Reached skill level 8 in Axes
  3625 | D:5      | Reached XP level 8. HP: 29/67 MP: 8/8
  3895 | D:5      | Found a glowing drain.
  3900 | Sewer    | Entered a sewer
  3948 | Sewer    | Noticed Purgy
  3965 | Sewer    | Killed Purgy
  3965 | Sewer    | Reached skill level 9 in Axes
  3965 | Sewer    | Reached skill level 5 in Shields
  4277 | D:5      | Found an iron altar of Okawaru.
  4470 | D:5      | Found a staircase to the Ecumenical Temple.
  4477 | Temple   | Entered the Ecumenical Temple
  4779 | D:6      | Reached skill level 1 in Dodging
  5359 | D:6      | Reached skill level 10 in Axes
  5655 | D:6      | Reached skill level 5 in Fighting
  5787 | D:7      | Noticed Dowan
  5787 | D:7      | Noticed Duvessa
  5797 | D:7      | Killed Dowan
  5824 | D:7      | Killed Duvessa
  5824 | D:7      | Reached XP level 9. HP: 25/74 MP: 9/9
  6155 | D:7      | Noticed Joseph
  6166 | D:7      | Paralysed by Joseph for 3 turns
  6179 | D:7      | Killed Joseph
  6330 | D:7      | Reached skill level 11 in Axes
  7117 | D:8      | Found a basalt altar of Yredelemnul.
  7117 | D:8      | Found a faded altar of an unknown god.
  7122 | D:8      | Found an ancient bone altar of Kikubaaqudgha.
  7124 | D:8      | Found a deep blue altar of Sif Muna.
  7125 | D:8      | Found a hazy altar of Hepliaklqana.
  7131 | D:8      | Reached skill level 12 in Axes
  7136 | D:8      | Became a worshipper of Hepliaklqana the Forgotten
  7163 | D:8      | Noticed a hornet
  7171 | D:8      | Noticed Prince Ribbit
  7183 | D:7      | HP: 1/67 [hornet (9)]
  7186 | D:7      | Slain by a hornet

Skill      XL: |  1  2  3  4  5  6  7  8  9 |
---------------+----------------------------+-----
Axes           | 3 4 6 8 10 12 | 12.0
Armour         | 4 5 6 7 |  7.8
Shields        | 4 5 6 |  6.2
Fighting       | 4 5 |  5.7
Unarmed Combat | 1 |  1.1
Dodging        | 1 |  1.6
Stealth        | |  0.1

Action                   |  1- 3 |  4- 6 |  7- 9 || total
-------------------------+-------+-------+-------++-------
Melee: War axe           |    85 |   148 |   462 ||   695
       Unarmed           |       |     7 |       ||     7
  Use: Potion            |       |     1 |    12 ||    13
       Scroll            |       |       |     9 ||     9
  Eat: Chunk             |     1 |     4 |    13 ||    18
       Ration            |       |       |     1 ||     1
Armor: Chain mail        |    80 |    83 |   187 ||   350
       Scale mail        |     2 |       |       ||     2
       Skin              |       |     1 |    11 ||    12
Dodge: Dodged            |    20 |    49 |   130 ||   199
Block: Shield            |    47 |    90 |   232 ||   369
